 Dungeon Crawl Stone Soup version 0.29.1-13-g9f3cf754e1 (webtiles) character file.

Game seed: 9952705556607513801

457 GigaChad the Chopper (level 6, -6/53 HPs)
             Began as a Minotaur Fighter on Jan 20, 2023.
             Mangled by a gnoll
             ... wielding a +0 halberd
              (11 damage)
             ... on level 4 of the Dungeon.
             The game lasted 00:03:41 (3330 turns).

GigaChad the Chopper (Minotaur Fighter)             Turns: 3330, Time: 00:03:41

Health: -6/53      AC:  7    Str: 23    XL:     6   Next: 77%
Magic:  5/5        EV:  1    Int:  5    God:
Gold:   81         SH:  0    Dex:  9    Spells: 5/5 levels left

rFire   . . .      SeeInvis .   a - +0 war axe
rCold   . . .      Faith    .   q - +0 kite shield
rNeg    . . .      Spirit   .   b - +0 scale mail
rPois   .          Reflect  .   (helmet restricted)
rElec   .          Harm     .   (no cloak)
rCorr   .          Rampage  .   (no gloves)
Will    .....                   (no boots)
Stlth   ..........              (no amulet)
HPRegen 0.17/turn               (no ring)
MPRegen 0.09/turn               (no ring)

@: held, constricted
A: horns 2, retaliatory headbutt
a: no special abilities


You were on level 4 of the Dungeon.
You visited 1 branch of the dungeon, and saw 4 of its levels.

You collected 81 gold pieces.

Inventory:

Hand Weapons
 a - a +0 war axe (weapon)
Armour
 b - a +0 scale mail (worn)
 c - a +0 buckler
 q - a +0 kite shield (worn)
Scrolls
 e - a scroll of enchant weapon
 g - a scroll of identify
 i - a scroll of blinking
 n - a scroll of enchant armour
Potions
 d - 3 potions of might
 f - 4 potions of curing
 h - a potion of heal wounds
 j - a potion of degeneration {unknown}
 k - a potion of resistance {unknown}
 l - a potion of berserk rage {unknown}
 o - 2 potions of mutation
 p - a potion of lignification {unknown}


   Skills:
 + Level 4.7 Fighting
 + Level 5.7 Axes
 + Level 5.5 Armour
 + Level 1.9 Dodging
 + Level 0.4 Stealth
 + Level 4.8 Shields


You had 5 spell levels left.
You didn't know any spells.
Your spell library was empty.

Dungeon Overview and Level Annotations

Branches:
Dungeon (4/15)
 Temple: D:4-7

Altars:
Cheibriados
Elyvilon
Fedhas
Sif Muna
Uskayaw
Yredelemnul
Zin

Annotations:
D:3 Natasha


Innate Abilities, Weirdness & Mutations

You have a pair of horns on your head.
You reflexively headbutt those who attack you in melee.


Message History

You hit the gnoll but do no damage. The hound bites you.
The ball python barely misses you. The ball python completely misses you.
The hound bites you. The gnoll closely misses you.
The gnoll hits you but does no damage. The gnoll hits you with a +0 flail.
You block the gnoll's attack.
The ball python bites you but does no damage.
The ball python barely misses you.
You slash the gnoll!
You kill the gnoll!
You closely miss the hound. You closely miss the gnoll.
You barely miss the ball python. You block the hound's attack.
The ball python barely misses you. The ball python grabs you.
The ball python constricts you. The gnoll completely misses you.
You block the gnoll's attack.
The gnoll hits you from afar with a +0 halberd!
The hound completely misses you.
You closely miss the gnoll. You headbutt the gnoll.
The gnoll is moderately wounded.
You barely miss the ball python. You closely miss the hound.
The hound bites you. You block the ball python's attack.
The ball python constricts you.
A ball python comes into view.
The gnoll hits you but does no damage. You block the gnoll's attack.
The gnoll throws a throwing net.
The throwing net hits you.
You become entangled in the net!
The hound bites you.
The ball python bites you but does no damage.
The ball python constricts you.
The gnoll hits you from afar with a +0 halberd.
The gnoll hits you but does no damage.
The gnoll hits you from afar with a +0 halberd!
* * * LOW HITPOINT WARNING * * *
You struggle against the net.
The hound bites you but does no damage.
The ball python bites you but does no damage.
The ball python constricts you.
* * * LOW HITPOINT WARNING * * *
The hound bites you but does no damage. The gnoll hits you with a +0 club.
* * * LOW HITPOINT WARNING * * *
The gnoll hits you but does no damage.
The gnoll hits you from afar with a +0 halberd!
You die...

.# #........
.###........
........S..
#..........
..........
.gg......
#)h......
#@gS.....
##S#......
#<........
#.........
#.##....##
.). ......
.### #...##
.. ...# ..
...#


You could see a hound, 3 gnolls, an adder and 2 ball pythons.

Vanquished Creatures
  Pargi (D:3)
  An ogre (D:3)
  A scorpion (D:3)
  A hound (D:3)
  A jelly (D:4)
  Natasha (twice) (D:3)
  A gnoll (D:4)
  3 adders (D:2)
  A worm (D:3)
  A dart slug (D:1)
  8 ball pythons
  5 endoplasms
  2 giant cockroaches (D:3)
  9 goblins
  9 hobgoblins
  10 jackals
  6 kobolds
  2 quokkas (D:1)
  7 bats
  2 frilled lizards (D:2)
  6 rats
79 creatures vanquished.

Notes
Turn   | Place    | Note
-------+----------+-------------------------------------------
     0 | D:1      | GigaChad the Minotaur Fighter began the quest for the Orb.
     0 | D:1      | Reached XP level 1. HP: 19/19 MP: 0/0
    92 | D:1      | Reached XP level 2. HP: 26/27 MP: 1/1
   910 | D:2      | Reached XP level 3. HP: 28/33 MP: 2/2
  1059 | D:2      | Found a faded altar of an unknown god.
  1152 | D:2      | Reached skill level 1 in Dodging
  1460 | D:2      | Reached XP level 4. HP: 37/40 MP: 3/3
  1881 | D:3      | Noticed a scorpion
  1889 | D:3      | Killed a scorpion
  1890 | D:3      | Reached XP level 5. HP: 31/46 MP: 4/4
  2185 | D:3      | Noticed Pargi
  2197 | D:3      | Killed Pargi
  2198 | D:3      | Reached skill level 5 in Armour
  2485 | D:3      | Noticed Natasha
  2500 | D:3      | Reached skill level 5 in Axes
  2500 | D:3      | Reached XP level 6. HP: 42/53 MP: 5/5
  2500 | D:3      | Killed Natasha
  2606 | D:3      | Found a glowing silver altar of Zin.
  2606 | D:3      | Found a blossoming altar of Fedhas.
  2614 | D:3      | Found a faded altar of an unknown god.
  2618 | D:3      | Found a basalt altar of Yredelemnul.
  2620 | D:3      | Found a hide-covered altar of Uskayaw.
  2663 | D:3      | Found a white marble altar of Elyvilon.
  2664 | D:3      | Found a snail-covered altar of Cheibriados.
  2666 | D:3      | Found a shimmering blue altar of Sif Muna.
  2724 | D:3      | Noticed Natasha
  2736 | D:3      | Killed Natasha
  3318 | D:3      | Noticed Natasha
  3330 | D:4      | Mangled by a gnoll

Illustrated notes

Levels and vault maps discovered:
D:1:      dpeg_arrival_arbitrary_a, layout_loops_ring
D:2:      cheibrodos_old_hovel, layout_basic, hellmonk_ecumenical_altar_zigzags,
          kennysheep_nondescript
D:3:      minmay_razor_zed, layout_loops_ring,
          chequers_temple_overflow_minitemple, minitemple, chequers_mini_garden,
          uniq_pargi, uniq_natasha
D:4:      layout_cave_pools, temple_doors_cd, serial_shops, shop, shop,
          grunt_ministairs_14

Skill      XL: |  1  2  3  4  5 |
---------------+----------------+-----
Fighting       | 4 |  4.7
Armour         | 4 5 |  5.5
Shields        | 4 |  4.8
Axes           | 3 4 5 |  5.7
Dodging        | 1 |  1.9
Stealth        | |  0.4

Action                   |  1- 3 |  4- 6 || total
-------------------------+-------+-------++-------
Melee: War axe           |    86 |    85 ||   171
       Headbutt          |     5 |    17 ||    22
  Use: Scroll            |       |     8 ||     8
Armor: Scale mail        |    39 |    56 ||    95
Dodge: Dodged            |    42 |    48 ||    90
Block: Buckler           |    26 |    17 ||    43
       Kite shield       |       |    28 ||    28
